 Dungeon Crawl Stone Soup version 0.26.1-2-gb8aa6d0cf2 (webtiles) character file.

Game seed: 17114341383193894078

165 septik the Caller (level 5, -3/35 HPs)
             Began as a Mummy Summoner on Mar 30, 2021.
             Shot with an arrow by a centaur (5 damage)
             ... on level 4 of the Dungeon.
             The game lasted 00:30:08 (5098 turns).

septik the Caller (Mummy Summoner)                  Turns: 5098, Time: 00:30:09

Health: -3/35      AC:  2    Str: 11    XL:     5   Next: 22%
Magic:  2/11       EV: 12    Int: 15    God:
Gold:   133        SH:  0    Dex: 13    Spells: 9/12 levels left

rFire    x . .     SeeInvis .   j - +0 spear
rCold    + . .     Faith    .   (no shield)
rNeg     + + +     Spirit   .   a - +0 robe
rPois    ∞         Reflect  .   (no helmet)
rElec    .         Harm     .   (no cloak)
rCorr    .         Rampage  .   (no gloves)
Will     .....                  (no boots)
Stlth    ++........             (no amulet)
HPRegen  0.11/turn              (no ring)
MPRegen  0.12/turn              (no ring)

@: no status effects
A: no potions, fire vulnerability, cold resistance 1, negative energy resistance
3, torment resistance, unbreathing
a: no special abilities


You were on level 4 of the Dungeon.
You visited 1 branch of the dungeon, and saw 4 of its levels.

You collected 133 gold pieces.

Inventory:

Hand Weapons
 e - a +0 dagger
 j - a +0 spear (weapon)
 r - a +2 vampiric dagger
Missiles
 d - 69 sling bullets
 g - 68 bolts
 h - 129 stones
 k - a throwing net
 l - 8 curare-tipped darts
Armour
 a - a +0 robe (worn)
Jewellery
 i - an uncursed amulet of regeneration {unknown}
 p - an uncursed amulet of regeneration {unknown}
Wands
 u - a wand of polymorph (12)
Scrolls
 b - a scroll of enchant armour {unknown}
 c - 10 scrolls of remove curse {unknown}
 f - 5 scrolls of teleportation {unknown}
 m - 2 scrolls of amnesia {unknown}
 n - 2 scrolls of identify {unknown}
 o - a scroll of fear {unknown}
 q - a scroll of noise {unknown}
 s - a scroll of enchant weapon {unknown}
 t - a scroll of random uselessness {unknown}


   Skills:
 - Level 1.6 Dodging
 - Level 3.0 Stealth
 - Level 4.0 Spellcasting
 * Level 4.3 Summonings


You had 9 spell levels left.
You knew the following spells:

 Your Spells              Type           Power        Failure   Level
a - Summon Small Mammal   Summ           64%          3%          1
b - Call Imp              Summ           16%          4%          2

Your spell library contained the following spells:

 Spells                   Type           Power        Failure   Level
 Call Canine Familiar     Summ           16%          9%          3
 Summon Guardian Golem    Hex/Summ       9%           22%         3
 Searing Ray              Conj           6%           26%         2
 Conjure Flame            Conj/Fire      3%           47%         3
 Mephitic Cloud           Conj/Pois/Air  3%           47%         3
 Static Discharge         Conj/Air       3%           47%         3
 Summon Ice Beast         Ice/Summ       9%           58%         4
 Summon Lightning Spire   Summ/Air       9%           58%         4
 Lightning Bolt           Conj/Air       1%           99%         5


Dungeon Overview and Level Annotations

Branches:
Dungeon (4/15)
 Temple: D:4-7

Altars:
Cheibriados
Makhleb
Trog


Innate Abilities, Weirdness & Mutations

You do not drink.
Your flesh is vulnerable to fire.
You are immune to poison.
Your flesh is cold resistant. (rC+)
You are immune to negative energy. (rN+++)
You are immune to unholy pain and torment.
You can survive without breathing.


Message History

Sorry, you're not good enough to have a special ability.
Casting: Call Imp (safe; 4% risk of failure)
Press: ? - help, Q - select action, (/) - cycle Dir - look around, f - activate A beastly little devil appears in a puff of flame.
The centaur shoots an arrow.
The arrow hits you!
The centaur shoots an arrow.
The arrow hits you!
* * * LOW HITPOINT WARNING * * *
Your crimson imp blinks!
You see here an arrow.
Your crimson imp blinks!
The centaur shoots an arrow.
The arrow hits you.
* * * LOW HITPOINT WARNING * * *
You see here an arrow.
Sorry, you're not good enough to have a special ability.
Casting: Call Imp (safe; 4% risk of failure)
Press: ? - help, Q - select action, (/) - cycle Dir - look around, f - activate A shadowy apparition takes form in the air.
The centaur shoots an arrow.
The arrow misses your crimson imp. The arrow hits you.
You die...

..!.. 5# ...
#...#... ...
#._... ... #c§.
#.# ##(# #.#
#(.# #.###5##
#)##(.#
###..@5##
..####....###
..........## ##
#####.....###
##..
##............
....
##..####.#......
#.. #..##
#.#..###. . #.##
..##... #.# .##
##.# #


You could see a centaur, a friendly crimson imp (summoned) and a friendly shadow
imp (summoned).

Vanquished Creatures
  2 adders
  An ooze (D:1)
  2 dart slugs
  A worm (D:2)
  2 orcs (D:3)
  5 giant cockroaches
  3 goblins
  6 hobgoblins
  A jackal (D:3)
  3 bats
  5 kobolds
  3 rats
34 creatures vanquished.

Vanquished Creatures (collateral kills)
  2 orc wizards (D:3)
  A worker ant (D:4)
  3 adders
  An adder skeleton (D:4)
  3 worms
  A dart slug (D:1)
  2 leopard geckos
  6 orcs
  A ball python (D:1)
  6 giant cockroaches
  3 goblins (D:1)
  5 hobgoblins
  10 jackals
  2 kobolds
  4 bats
  A frilled lizard (D:3)
  2 rats
53 creatures vanquished.

Grand Total: 87 creatures vanquished

Notes
Turn   | Place    | Note
-------+----------+-------------------------------------------
     0 | D:1      | septik the Mummy Summoner began the quest for the Orb.
     0 | D:1      | Reached XP level 1. HP: 13/13 MP: 4/4
   589 | D:1      | Reached XP level 2. HP: 19/19 MP: 3/5
  1965 | D:1      | Reached XP level 3. HP: 24/24 MP: 7/7
  2212 | D:2      | Learned a level 2 spell: Call Imp
  2565 | D:2      | Found a faded altar of an unknown god.
  2721 | D:2      | Found a burning altar of Makhleb.
  3090 | D:2      | Reached XP level 4. HP: 30/30 MP: 7/10
  3571 | D:3      | Found a bloodstained altar of Trog.
  4535 | D:3      | Reached XP level 5. HP: 28/35 MP: 11/11
  4879 | D:4      | Identified Zady's Almanac of Attacks
  5084 | D:4      | Found a snail-covered altar of Cheibriados.
  5089 | D:4      | Noticed a centaur
  5098 | D:4      | Shot with an arrow by a centaur

Illustrated notes

Levels and vault maps discovered:
D:1:      nzn_arrival_depleted_hourglass, layout_rooms, minmay_worlds_worst_comb
D:2:      layout_loops_corners, lightli_temple_of_fire,
          chequers_ecumenical_altar_island, amcnicky_mini_corridor_feature
D:3:      layout_basic, bloody_trog, grunt_decor_one_mirror
D:4:      layout_rooms, cheibriados_altar_1

Skill      XL: |  1  2  3  4 |
---------------+-------------+-----
Stealth        | 2 3 |  3.0
Spellcasting   | 4 |  4.0
Summonings     | 4 |  4.3
Dodging        | |  1.6

Action                   |  1- 3 |  4- 6 || total
-------------------------+-------+-------++-------
Melee: Dagger            |    76 |       ||    76
       Unarmed           |     4 |       ||     4
       Spear             |    46 |    93 ||   139
 Cast: Summon Small Mamm |    58 |       ||    58
       Call Imp          |    13 |    33 ||    46
 Stab: Sleeping          |     6 |     3 ||     9
Armor: Robe              |    23 |    18 ||    41
Dodge: Dodged            |    76 |    65 ||   141
